 Dungeon Crawl Stone Soup version 0.29.0-4-gdea44cf6ec (webtiles) character file.

Game seed: 1722027306661435748

166 qw the Chopper (level 5, -1/30 HPs)
             Began as a Tengu Warper on Aug 28, 2022.
             Slain by Sigmund
             ... wielding a +3 scythe of venom
              (10 damage)
             ... on level 4 of the Dungeon.
             The game lasted 00:00:19 (2600 turns).

qw the Chopper (Tengu Warper)                       Turns: 2600, Time: 00:00:19

Health: -1/30      AC: 12    Str: 13    XL:     5   Next: 47%
Magic:  9/9        EV: 11    Int: 14    God:
Gold:   165        SH:  0    Dex: 13    Spells: 8/8 levels left

rFire   . . .      SeeInvis .   Y - +1 hand axe
rCold   . . .      Faith    .   (no shield)
rNeg    . . .      Spirit   .   d - +0 chain mail
rPois   .          Reflect  .   (helmet restricted)
rElec   .          Harm     .   (no cloak)
rCorr   .          Rampage  .   e - +2 pair of gloves
Will    .....                   (boots unavailable)
Stlth   ..........              m - amulet of regeneration
HPRegen 0.90/turn               b - +4 ring of evasion
MPRegen 0.11/turn               (no ring)

@: lethally poisoned (-1 -> -9), flying quickly and evasively, quick
A: beak, talons 3, nimble flight
a: no special abilities


You were on level 4 of the Dungeon.
You visited 1 branch of the dungeon, and saw 4 of its levels.

You collected 165 gold pieces.


Innate Abilities, Weirdness & Mutations

You have a beak for a mouth.
You have claws for feet.
Your magical nature lets you fly swiftly and evasively.


   Skills:
 - Level 2.0 Fighting
 + Level 5.3 Axes
 - Level 1.0 Throwing
 - Level 3.0 Armour
 - Level 2.1 Dodging
 - Level 2.0 Spellcasting
 - Level 2.4 Translocations


You had 8 spell levels left.
You didn't know any spells.
Your spell library contained the following spells:

 Spells                   Type           Power      Damage    Failure   Level
 Blink                    Tloc           16%        N/A       99%         2
 Gell's Gravitas          Tloc           8%         N/A       100%        3
 Lesser Beckoning         Tloc           8%         N/A       100%        3
 Teleport Other           Tloc           8%         N/A       100%        3
 Manifold Assault         Tloc           8%         N/A       100%        5

Inventory:

Hand Weapons
 n - a +0 mace
 Y - a +1 hand axe (weapon)
Armour
 d - a +0 chain mail (worn)
 e - a +2 pair of gloves (worn)
Jewellery
 b - a +4 ring of evasion (left hand)
 m - an amulet of regeneration (around neck)
Potions
 l - a potion of might
 o - a potion of cancellation {unknown}

Dungeon Overview and Level Annotations

Branches:
Dungeon (4/15)
 Temple: D:4-7

Altars:

Annotations:
D:3 2 transporters, qw's ghost, amateur TeWr
D:4 Sigmund


Message History

The necrophage is almost destroyed.
You feel sick. Sigmund barely misses you.
The necrophage hits you but does no damage.
You hit the necrophage.
You destroy the necrophage!
You feel sick. Sigmund barely misses you.
Your life force feels restored.
Your Armour skill gained 2 levels and is now at level 3!
You have reached level 5!
Your magical nature develops, letting you fly swiftly and evasively.
You feel sick.
You barely miss Sigmund. You punch Sigmund, but do no damage.
You hit the endoplasm.
You feel sick.
Sigmund says, "Now you see me, now you don't..."
Sigmund gestures at you while chanting. The magic dart hits you!
The endoplasm closely misses you.
2597 ||| DRINKING potion of heal wounds.
You feel much better.
You hear the slow rusting of a very distant drain.
You feel sick.
Sigmund giggles. "Time to reap what you sow."
Sigmund hits you with a +3 scythe of venom.
You are more poisoned.
The endoplasm freezes you.
You are frozen.
You hit the endoplasm.
You kill the endoplasm!
You hit Sigmund but do no damage.
You feel sick.
Sigmund hits you with a +3 scythe of venom.
You are more poisoned.
You hit Sigmund. Your kick misses Sigmund.
Sigmund is lightly wounded.
You feel very sick.
You barely miss Sigmund. Your kick misses Sigmund.
Sigmund is lightly wounded.
You feel very sick.
Sigmund hits you with a +3 scythe of venom!
You die...

####... .......
................
......#.......#
#............#
#............#
#.......?.....
#....@........
#....@...#....
####..........
#..........
##..........
.#####.......####
..............#
........).....#
...........#..#
...##..<...#....


You could see Sigmund.

Vanquished Creatures
  A necrophage (D:4)
  2 adders
  2 worms (D:2)
  4 dart slugs
  An orc (D:3)
  4 ball pythons
  8 endoplasms
  8 giant cockroaches
  5 goblins
  2 hobgoblins
  6 jackals
  5 quokkas
  4 bats
  A frilled lizard (D:2)
  7 kobolds
  5 rats
65 creatures vanquished.

Vanquished Creatures (others)
  6 plants (D:3)
6 creatures vanquished.

Grand Total: 71 creatures vanquished

Notes
Turn   | Place    | Note
-------+----------+-------------------------------------------
     0 | D:1      | qw the Tengu Warper began the quest for the Orb.
     0 | D:1      | Reached XP level 1. HP: 12/12 MP: 4/4
     0 | D:1      | 0 ||| qw: Version: 0.1-a-89-g26bdef1
     0 | D:1      | 0 ||| qw: Game counter: 23
     0 | D:1      | 0 ||| qw: Always use a shield: true
     0 | D:1      | 0 ||| qw: God list: Okawaru
     0 | D:1      | 0 ||| qw: Allow faded altars: false
     0 | D:1      | 0 ||| qw: Do Orc after D:15 true
     0 | D:1      | 0 ||| qw: Do second Lair branch before Depths: true
     0 | D:1      | 0 ||| qw: Lair rune preference: random
     0 | D:1      | 0 ||| qw: Plans: Normal
     0 | D:1      | 0 ||| PLANNING D:1-11
   239 | D:1      | Reached XP level 2. HP: 17/17 MP: 6/6
   240 | D:1      | Reached skill level 3 in Axes
   292 | D:1      | 292 ||| Stepping ~*~*~tactically~*~*~ (hiding).
   431 | D:1      | 431 ||| Stepping ~*~*~tactically~*~*~ (hiding).
   435 | D:1      | 435 ||| Stepping ~*~*~tactically~*~*~ (hiding).
   544 | D:1      | 544 ||| DROPPING +0 club.
   655 | D:1      | 655 ||| Stepping ~*~*~tactically~*~*~ (hiding).
   757 | D:1      | 757 ||| Stepping ~*~*~tactically~*~*~ (hiding).
   859 | D:1      | 859 ||| Stepping ~*~*~tactically~*~*~ (hiding).
   860 | D:1      | 860 ||| Stepping ~*~*~tactically~*~*~ (hiding).
   861 | D:1      | 861 ||| Stepping ~*~*~tactically~*~*~ (hiding).
   863 | D:1      | 863 ||| Stepping ~*~*~tactically~*~*~ (hiding).
   884 | D:1      | 884 ||| Stepping ~*~*~tactically~*~*~ (stealth).
   891 | D:1      | Reached XP level 3. HP: 19/21 MP: 7/7
   951 | D:1      | 951 ||| Stepping ~*~*~tactically~*~*~ (hiding).
  1053 | D:1      | 1053 ||| Stepping ~*~*~tactically~*~*~ (hiding).
  1209 | D:1      | 1209 ||| Stepping ~*~*~tactically~*~*~ (stealth).
  1211 | D:1      | 1211 ||| Stepping ~*~*~tactically~*~*~ (stealth).
  1313 | D:1      | 1313 ||| UPGRADING to +0 chain mail.
  1323 | D:1      | 1323 ||| DROPPING +0 leather armour.
  1324 | D:1      | 1324 ||| DROPPING amulet of faith.
  1325 | D:1      | 1325 ||| UPGRADING to amulet of regeneration.
  1330 | D:1      | 1330 ||| READING 2 scrolls labelled JORHIQIGGA.
  1331 | D:1      | 1331 ||| READING scroll labelled XIYMIN JUACKITT.
  1332 | D:1      | 1332 ||| READING 2 scrolls labelled SEEMNA VOONLYU.
  1333 | D:1      | 1333 ||| READING scroll labelled MIFI LIEGEA.
  1336 | D:1      | 1336 ||| DRINKING 2 pink potions.
  1441 | D:1      | 1441 ||| DROPPING scroll of blinking.
  1442 | D:1      | 1442 ||| DROPPING potion of berserk rage.
  1443 | D:1      | 1443 ||| DROPPING scroll of immolation.
  1452 | D:2      | 1452 ||| STAIRDANCE
  1465 | D:2      | Reached skill level 4 in Axes
  1523 | D:2      | 1523 ||| Stepping ~*~*~tactically~*~*~ (stealth).
  1533 | D:2      | 1533 ||| Stepping ~*~*~tactically~*~*~ (stealth).
  1534 | D:2      | 1534 ||| Stepping ~*~*~tactically~*~*~ (stealth).
  1712 | D:2      | Reached XP level 4. HP: 26/26 MP: 8/8
  2056 | D:2      | 2056 ||| UPGRADING to +4 ring of evasion.
  2057 | D:2      | 2057 ||| READING scroll labelled COOMAF ONASK.
  2058 | D:2      | 2058 ||| DRINKING 2 coppery potions.
  2087 | D:2      | 2087 ||| DRINKING 2 orange potions.
  2088 | D:2      | 2088 ||| DRINKING 2 bubbling blue potions.
  2089 | D:2      | 2089 ||| DRINKING 2 bubbling puce potions.
  2090 | D:2      | 2090 ||| DROPPING potion of lignification.
  2091 | D:2      | 2091 ||| DROPPING potion of invisibility.
  2218 | D:3      | 2218 ||| Stepping ~*~*~tactically~*~*~ (stealth).
  2222 | D:3      | 2222 ||| Stepping ~*~*~tactically~*~*~ (stealth).
  2226 | D:3      | 2226 ||| Stepping ~*~*~tactically~*~*~ (stealth).
  2236 | D:3      | Reached skill level 5 in Axes
  2249 | D:3      | Found a faded altar of an unknown god.
  2445 | D:3      | Found a transporter.
  2451 | D:3      | Found a transporter.
  2451 | D:3      | Noticed qw's ghost (amateur TeWr)
  2488 | D:3      | 2488 ||| UPGRADING to +1 pair of gloves.
  2493 | D:3      | 2493 ||| READING scroll of enchant armour.
  2493 | D:3      | 2493 ||| ENCHANTING +1 pair of gloves.
  2494 | D:3      | 2494 ||| READING scroll labelled PASYNO UTUODD.
  2495 | D:3      | 2495 ||| READING scroll labelled POESIW NETT.
  2496 | D:3      | 2496 ||| READING scroll labelled FEULI HEYWKU.
  2497 | D:3      | 2497 ||| Stepping randomly (stuck).
  2498 | D:3      | 2498 ||| Stepping ~*~*~tactically~*~*~ (cloud).
  2549 | D:4      | 2549 ||| PLANNING SEWER
  2553 | D:4      | 2553 ||| STAIRDANCE
  2581 | D:4      | Noticed a necrophage
  2583 | D:4      | Noticed Sigmund
  2594 | D:4      | Killed a necrophage
  2595 | D:4      | Reached skill level 3 in Armour
  2595 | D:4      | Gained mutation: Your magical nature lets you fly swiftly
                  | and evasively. [Tengu growth]
  2595 | D:4      | Reached XP level 5. HP: 16/30 MP: 9/9
  2596 | D:4      | HP: 6/30 [Sigmund/magic dart (9)]
  2597 | D:4      | 2597 ||| DRINKING potion of heal wounds.
  2600 | D:4      | Slain by Sigmund

Levels and vault maps discovered:
D:1:      scummos_arrival_simple_crosswalls, layout_basic, minmay_tromino_v4_c
D:2:      layout_rooms, minmay_diced_spiral
D:3:      layout_rooms, gammafunk_ghost_gnarly_gnolls,
          ebering_ecumenical_altar_abandoned
D:4:      layout_basic, portal_sewer_entry_c, nicolae_shop_fire_sale
          [nicolae_sub_dead_trees], minmay_curled_crystal, interstate_on_off,
          uniq_sigmund

Skill      XL: |  1  2  3  4 |
---------------+-------------+-----
Axes           | 3 4 5 |  5.3
Armour         | 3 |  3.0
Fighting       | |  2.0
Throwing       | |  1.0
Dodging        | |  2.1
Spellcasting   | |  2.0
Translocations | |  2.4

Action                   |  1- 3 |  4- 6 || total
-------------------------+-------+-------++-------
Melee: Hand axe          |    64 |    62 ||   126
       Kick              |    15 |    11 ||    26
       Peck              |     6 |    12 ||    18
       Punch             |       |     4 ||     4
Throw: Boomerang         |    32 |    35 ||    67
  Use: Scroll            |     4 |     5 ||     9
       Potion            |     1 |     5 ||     6
Armor: Leather armour    |    12 |       ||    12
       Chain mail        |    26 |    32 ||    58
Dodge: Dodged            |    31 |    34 ||    65

Table legend:
 A = Non-vault XP
 B = Vault XP
 C = Vault XP percentage of total XP
 D = Non-vault monster count
 E = Vault monster count
 F = Vault count percentage of total count
                 A         B        C        D         E       F
            +---------+---------+-------+---------+---------+-------
      Total |     228 |      10 |   4.2 |      60 |       5 |   7.7
            +---------+---------+-------+---------+---------+-------
        D:1 |      38 |       4 |   9.5 |      19 |       1 |   5.0
        D:2 |      48 |       6 |  11.1 |      17 |       4 |  19.0
        D:3 |      49 |       0 |   0.0 |      19 |       0 |   0.0
        D:4 |      93 |       0 |   0.0 |       5 |       0 |   0.0
            +---------+---------+-------+---------+---------+-------
